 Dungeon Crawl Stone Soup version 0.29.0-4-gdea44cf6ec (webtiles) character file.

Game seed: 12008288717449481727

69 voltaire321 the Sneak (level 4, -1/28 HPs)
             Began as an Octopode Earth Elementalist on Aug 27, 2022.
             Slain by Sigmund
             ... wielding a +0 scythe
              (4 damage)
             ... on level 2 of the Dungeon.
             The game lasted 00:03:23 (2187 turns).

voltaire321 the Sneak (Octopode Earth Elementalist) Turns: 2187, Time: 00:03:24

Health: -1/28      AC:  1    Str:  7    XL:     4   Next: 20%
Magic:  5/7        EV: 13    Int: 19    God:
Gold:   67         SH:  0    Dex: 12    Spells: 4/7 levels left

rFire   . . .      SeeInvis .   j - +2 short sword (speed)
rCold   . . .      Faith    .   (no shield)
rNeg    . . .      Spirit   .   (helmet restricted)
rPois   .          Reflect  .   (no amulet)
rElec   .          Harm     .   (no ring)
rCorr   .          Rampage  .   (no ring)
Will    .....                   (no ring)
Stlth   ++........              (no ring)
HPRegen 0.09/turn               (no ring)
MPRegen 0.10/turn               (no ring)
                                (no ring)
                                (no ring)

@: confused
A: almost no armour, amphibious, 8 rings, camouflage 1, gelatinous body 1,
(nimble swimmer 1), tentacles
a: no special abilities


You were on level 2 of the Dungeon.
You visited 1 branch of the dungeon, and saw 2 of its levels.

You collected 67 gold pieces.

Inventory:

Hand Weapons
 j - a +2 short sword of speed (weapon)
Scrolls
 b - a scroll of poison {unknown}
 d - a scroll of enchant armour {unknown}
 f - a scroll of fear {unknown}
 g - a scroll of summoning {unknown}
 l - a scroll of silence {unknown}
 m - a scroll of amnesia {unknown}
Potions
 a - a potion of magic
 c - a potion of lignification {unknown}
 e - a potion of flight {unknown}
 h - a potion of heal wounds {unknown}
 i - a potion of brilliance {unknown}
 k - 2 potions of curing {unknown}
 n - a potion of degeneration {unknown}
 o - a potion of ambrosia {unknown}


   Skills:
 + Level 1.2 Fighting
 + Level 2.4 Dodging
 + Level 3.7 Stealth
 + Level 2.4 Spellcasting
 + Level 1.5 Transmutations
 + Level 3.4 Earth Magic


You had 4 spell levels left.
You knew the following spells:

 Your Spells              Type           Power      Damage    Failure   Level
a - Sandblast             Erth           30%        2d9       4%          1
b - Passwall              Tmut/Erth      9%         N/A       9%          2

Your spell library contained the following spells:

 Spells                   Type           Power      Damage    Failure   Level
 Static Discharge         Conj/Air       2%         3-4/arc   24%         2
 Stone Arrow              Conj/Erth      16%        3d8       24%         3
 Petrify                  Tmut/Erth      11%        N/A       50%         4
 Dispel Undead            Necr           2%         3d7       85%         4
 Sticky Flame             Conj/Fire      2%         2d3       85%         4


Dungeon Overview and Level Annotations

Branches:
Dungeon (2/15)

Altars:

Annotations:
D:2 Sigmund


Innate Abilities, Weirdness & Mutations

You cannot wear most types of armour.
You are amphibious.
You can wear up to eight rings at the same time.
Your skin changes colour to match your surroundings (Stealth+).
Your rubbery body absorbs attacks. (AC +1, EV +1)
((You are camouflaged when in or above water. (Stealth+)))
You have tentacles for arms and can constrict up to eight enemies at once.


Message History

Confirm with . or Enter, or press ? or * to list all spells.
Aiming: Sandblast (safe; 4% risk of failure)
Press: ? - help, Shift-Dir - straight line, f - goblin
Aim: a goblin, wielding a +0 club (asleep, 100% to hit)
The blast of sand hits the goblin!
You kill the goblin!
Found a stone staircase leading up.
Found a stone staircase leading up.
Found an escape hatch in the floor.
o - a black potion A quokka comes into view.
A quokka is nearby!
Found 6 poisoned darts.
Sigmund the Dreaded comes into view.
He is wielding a +0 scythe and carrying a wand of flame (16).
Sigmund shouts!
Casting: Sandblast (safe; 4% risk of failure)
Confirm with . or Enter, or press ? or * to list all spells.
Aiming: Sandblast (safe; 4% risk of failure)
Press: ? - help, Shift-Dir - straight line, f - Sigmund
Aim: Sigmund, wielding a +0 scythe, wearing a +0 robe and carrying a wand of flame (16) (80% to hit)
The blast of sand hits Sigmund but does no damage.
Sigmund hits you from afar with a +0 scythe!
Casting: Sandblast (safe; 4% risk of failure)
Confirm with . or Enter, or press ? or * to list all spells.
Aiming: Sandblast (safe; 4% risk of failure)
Press: ? - help, Shift-Dir - straight line, f/p - Sigmund
Aim: Sigmund, wielding a +0 scythe, wearing a +0 robe and carrying a wand of flame (16) (80% to hit)
The blast of sand misses Sigmund.
Sigmund casts a spell at you.
You are confused.
Sigmund zaps a wand.
The puff of flame hits you!
* * * LOW HITPOINT WARNING * * *
The quokka barely misses you.
You bump into the rock wall.
Sigmund closely misses you. The quokka bites you.
* * * LOW HITPOINT WARNING * * *
You bump into the rock wall.
The quokka barely misses you. The quokka attacks as you move away!
The quokka bites you.
* * * LOW HITPOINT WARNING * * *
Found a stone staircase leading down.
Sigmund hits you with a +0 scythe.
You die...

.......## ..####.#
#.....# ...#.#.# +.....#
.....#.# #.# #.....# .
.#.#.#.# #.# #.....# ..
.#...#>###.# #.....#...
.#......##.# .........
.#.#....##.# #@....(..
.#.#.<..##.#####@.......
........##.#............
...##...##.#.###r......#
...##..........+........
... #....#.#.###........
##.....#.#.#.# #........
......##...... .........
###### ###.....>.#######
#########


You could see Sigmund and a quokka.

Vanquished Creatures
  Jessica (D:2)
  2 dart slugs (D:2)
  3 ball pythons
  2 endoplasms (D:1)
  6 hobgoblins
  4 jackals (D:1)
  5 quokkas (D:1)
  A bat (D:1)
  A frilled lizard (D:2)
  5 goblins
  2 kobolds (D:1)
  2 rats
34 creatures vanquished.

Notes
Turn   | Place    | Note
-------+----------+-------------------------------------------
     0 | D:1      | voltaire321 the Octopode Earth Elementalist began the quest
                  | for the Orb.
     0 | D:1      | Reached XP level 1. HP: 11/11 MP: 3/3
   483 | D:1      | Reached XP level 2. HP: 17/17 MP: 3/5
  1105 | D:1      | Learned a level 2 spell: Passwall
  1351 | D:1      | Reached XP level 3. HP: 22/22 MP: 6/6
  1579 | D:2      | Noticed Jessica
  1584 | D:2      | Killed Jessica
  1585 | D:2      | Reached skill level 1 in Fighting
  1819 | D:2      | Reached XP level 4. HP: 28/28 MP: 4/7
  2182 | D:2      | Noticed Sigmund
  2187 | D:2      | Slain by Sigmund

Illustrated notes

Levels and vault maps discovered:
D:1:      heliophobic_arrival_ceremonial_halls, layout_basic,
          minmay_split_cup_small
D:2:      layout_basic, uniq_jessica, uniq_sigmund

Skill      XL: |  1  2  3 |
---------------+----------+-----
Stealth        | 3 |  3.7
Fighting       | 1 |  1.2
Dodging        | |  2.4
Spellcasting   | |  2.4
Transmutations | |  1.5
Earth Magic    | |  3.4

Action                   |  1- 3 |  4- 6 || total
-------------------------+-------+-------++-------
Melee: Short sword       |    10 |       ||    10
       Dagger            |     6 |       ||     6
       Constrict         |     4 |       ||     4
       Tentacles         |     2 |       ||     2
 Cast: Sandblast         |    30 |    12 ||    42
 Stab: Sleeping          |     1 |       ||     1
Armor: Skin              |     2 |       ||     2
Dodge: Dodged            |    16 |     4 ||    20
